 Dungeon Crawl Stone Soup version 0.13-a0-2485-g242ae62 (webtiles) character file.

170 JogiH the Magician (level 3, -1/29 HPs)
             Began as a Djinni Wizard on July 21, 2013.
             Slain by a jackal (3 damage)
             ... on Level 2 of the Dungeon.
             The game lasted 00:05:51 (2454 turns).

JogiH the Magician (Djinni Wizard)                  Turns: 2454, Time: 00:05:51

HP  -1/29        AC  2     Str  7      XL: 3   Next: 62%
MP   0/0         EV 12     Int 19      God:
Gold 117         SH  0     Dex 11      Spells:  5 memorised,  0 levels left

Res.Fire  : + + +   See Invis. : +   i - +0 whip
Res.Cold  : x . .   Warding    : .   m - +0 robe
Life Prot.: + + +   Conserve   : .   (no shield)
Res.Poison: .       Res.Corr.  : .   b - +0 wizard hat
Res.Elec. : .       Clarity    : .   (no cloak)
Sust.Abil.: . .     Spirit.Shd : .   (no gloves)
Res.Mut.  : .       Stasis     : .   (boots unavailable)
Res.Rott. : .       Flight     : .   (no amulet)
Saprovore : . . .                    (no ring)
                                     e - ring of see invisible {unknown}

@: very slightly contaminated, not resistant to hostile enchantments, unstealthy
A: no striking features
a: no special abilities


You were on level 2 of the Dungeon.
You were not hungry.

You visited 1 branch of the dungeon, and saw 3 of its levels.

You collected 97 gold pieces.

Inventory:

Hand weapons
 i - a +0,+0 whip (weapon)
Armour
 b - a +0 wizard hat (worn)
 m - a +0 robe (worn)
Scrolls
 d - 2 scrolls of curse jewellery {unknown}
 f - 2 scrolls of enchant weapon II {unknown}
 j - a scroll of remove curse {unknown}
 l - 2 scrolls of fog {unknown}
Jewellery
 e - a ring of see invisible (left hand) {unknown}
Potions
 g - 4 potions of curing {unknown}
 h - a potion of restore abilities {unknown}
 k - a potion of degeneration {unknown}
Books
 c - a book of Minor Magic

   Spells                             Type                      Level
   *Magic Dart                        Conjuration                  1
   *Blink                             Translocation                2
   *Call Imp                          Summoning                    2
   Repel Missiles                     Charms/Air                   2
   Slow                               Hexes                        2
   *Conjure Flame                     Conjuration/Fire             3
   *Mephitic Cloud                    Conjuration/Poison/Air       3


   Skills:
 * Level 1.0 Fighting
 * Level 2.2 Dodging
 * Level 1.6 Stealth
 + Level 4.5 Spellcasting
 * Level 1.5 Conjurations
 + Level 1.0 Summonings
 + Level 1.0 Translocations


You couldn't memorise any spells.
You knew the following spells:

 Your Spells              Type           Power        Failure   Level  Hunger
a - Magic Dart            Conj           ##..         10%         1    None
b - Blink                 Tloc           N/A          14%         2    #......
c - Call Imp              Summ           #.........   14%         2    #......
d - Conjure Flame         Conj/Fire      #.......     34%         3    ###....
e - Mephitic Cloud        Conj/Pois/Air  #.......     34%         3    ###....


Dungeon Overview and Level Annotations

Branches:
Dungeon (3/27)

Altars:


Message History

The jackal is severely wounded.
The jackal bites you.
* * * LOW HITPOINT WARNING * * *
The jackal barely misses you.
You hit the jackal but do no damage.
The jackal is severely wounded.
The jackal barely misses you. The jackal closely misses you.
You closely miss the jackal.
The jackal is severely wounded.
The jackal closely misses you.
You hit the jackal.
The jackal is almost dead.
The jackal barely misses you.
You hit the jackal but do no damage.
The jackal is almost dead.
The jackal misses you.
You barely miss the jackal.
The jackal is almost dead.
The jackal misses you. The jackal bites you.
You die...

###################### #####
#.......#.......#.....
#...#####.#####.#.#####.#.####
#.......#.#.h.#.#.#...#.#.#...
#.....#.#.h.#@#.#...#.#.#...#.
#..#.########5#.#####.#.#####.
#(.#..#.......#.......#.......
#..#....######################
#..#.......##................#
#..#.#.##.###(.##..........#..
#..#.#.##.# #..####......#.###
####..#.#.##.###.(####......#.###
..........##......)..............


You could see a jackal and a friendly crimson imp.

Vanquished Creatures
  An adder (D:2)
  A worm (D:2)
  A giant cockroach (D:1)
  6 goblins
  4 hobgoblins (D:1)
  2 quokkas (D:2)
  6 bats
  3 giant newts
  4 kobolds
  7 rats
35 creatures vanquished.

Vanquished Creatures (collateral kills)
  Jessica (D:2)
  A giant gecko (D:2)
  A giant cockroach (D:2)
3 creatures vanquished.

Vanquished Creatures (others)
  A white imp (D:3)
1 creature vanquished.

Grand Total: 39 creatures vanquished

Notes
Turn   | Place    | Note
--------------------------------------------------------------
     0 | D:1      | JogiH, the Djinni Wizard, began the quest for the Orb.
     0 | D:1      | Reached XP level 1. HP: 14/14 MP: 0/0
   338 | D:1      | Reached XP level 2. EP: 22/22
   351 | D:1      | Learned a level 2 spell: Blink
   354 | D:1      | Learned a level 2 spell: Call Imp
   683 | D:1      | Reached skill level 4 in Spellcasting
  1292 | D:2      | Reached XP level 3. EP: 22/29
  1978 | D:2      | Noticed Jessica
  1987 | D:2      | Killed Jessica
  1987 | D:2      | Reached skill level 1 in Fighting
  2354 | D:3      | Learned a level 3 spell: Conjure Flame
  2358 | D:3      | Learned a level 3 spell: Mephitic Cloud
  2449 | D:2      | HP: 1/29 [jackal (2)]
  2454 | D:2      | Slain by a jackal

Action                   || total
-------------------------++-------
Melee: Club              ||    36
       Unarmed           ||     1
       Whip              ||    85
 Cast: Magic Dart        ||    26
       Call Imp          ||    12
       Conjure Flame     ||     1
